 Dungeon Crawl Stone Soup version 0.30-a0-390-g80c34de65d (webtiles) character file.

Game seed: 2464702072147169953

20808 porpoise the Basher (level 12, -4/102 HPs)
             Began as an Armataur Fighter on Dec 4, 2022.
             Was a Priest of Hepliaklqana.
             Slain by a skeletal warrior
             ... wielding a +3 battleaxe
              (17 damage)
             ... on level 12 of the Dungeon on Dec 5, 2022.
             The game lasted 01:09:40 (13144 turns).

porpoise the Basher (Armataur Fighter)             Turns: 13144, Time: 01:09:40

Health: -4/102     AC: 17    Str: 24    XL:     12   Next: 48%
Magic:  16/16      EV:  8    Int: 10    God:    Hepliaklqana [***...]
Gold:   509        SH:  0    Dex: 15    Spells: 11/11 levels left

rFire   + . .      SeeInvis +    a - +6 eveningstar (drain)
rCold   + + .      Faith    .    c - +0 buckler
rNeg    . . .      Spirit   .    f - +0 scale mail
rPois   .          Reflect  .    C - +0 helmet
rElec   .          Harm     .    F - scarf {rC+ rF+}
rCorr   .          Roll     +    y - +0 pair of gloves
Will    +....                    J - +1 barding of Past Mistakes {+Blink Fly rC+ Dex+4}
Stlth   ..........               Q - amulet of regeneration
HPRegen 1.17/turn                q - ring of willpower
MPRegen 0.15/turn                o - ring of see invisible

@: confused, ambrosia-drunk, flying
A: reduced essence, large, rugged brown scales 3, deformed body, armoured tail,
roll, long tongue, awkward tongue
a: Renounce Religion, Evoke Blink, Recall Ancestor, Ancestor Identity,
Transference


You were on level 12 of the Dungeon.
You worshipped Hepliaklqana.
Hepliaklqana was most pleased with you.
You visited 3 branches of the dungeon, and saw 14 of its levels.
You also visited: Gauntlet.

You collected 691 gold pieces.
You spent 182 gold pieces at shops.

Inventory:

Hand Weapons
 a - a +6 eveningstar of draining (weapon)
Armour
 c - a +0 buckler (worn)
 f - a +0 scale mail (worn)
 i - a +0 kite shield
 y - a +0 pair of gloves (worn)
 C - a +0 helmet (worn)
 F - a scarf of resistance (worn)
 J - the +1 barding of Past Mistakes (worn) {+Blink Fly rC+ Dex+4}
   (You acquired it on level 1 of the Lair of Beasts)

   Dex:       It affects your dexterity (+4).
   rC:        It protects you from cold.
   Fly:       It grants you flight.
   +Blink:    It lets you blink.
Jewellery
 d - a ring of protection from cold
 o - a ring of see invisible (right hand)
 q - a ring of willpower (left hand)
 Q - an amulet of regeneration (around neck)
Wands
 l - a wand of digging (6)
 u - a wand of roots (37)
 I - a wand of paralysis (19)
 T - a wand of mindburst (13)
 X - a wand of polymorph (7)
Scrolls
 e - a scroll of fog
 g - 7 scrolls of vulnerability
 j - 5 scrolls of fear
 r - 8 scrolls of teleportation
 v - 5 scrolls of magic mapping
 A - 4 scrolls of identify
 O - 2 scrolls of poison
Potions
 h - 6 potions of curing
 w - 2 potions of ambrosia
 z - 3 potions of lignification
 P - a potion of might
Miscellaneous
 b - a condenser vane


   Skills:
 + Level 9.7 Fighting
 + Level 13.0 Maces & Flails
 - Level 9.0 Armour
 - Level 5.0 Dodging
 - Level 5.0 Shields
 - Level 5.7 Invocations
 + Level 2.6 Evocations


You had 11 spell levels left.
You didn't know any spells.
Your spell library contained the following spells:

 Spells                   Type           Power      Damage    Failure   Level
 Summon Small Mammal      Summ           0%         N/A       69%         1
 Ensorcelled Hibernation  Hex/Ice        0%         N/A       83%         2
 Passwall                 Tmut/Erth      0%         N/A       83%         2
 Call Canine Familiar     Summ           0%         N/A       96%         3
 Gell's Gravitas          Tloc           0%         N/A       96%         3
 Ignite Poison            Fire/Tmut/Pois 0%         N/A       96%         3
 Kindle Blastsparks       Fire/Tloc/Air  0%         2d10      96%         3
 Lesser Beckoning         Tloc           0%         N/A       96%         3
 Spider Form              Tmut/Pois      0%         N/A       96%         3
 Summon Guardian Golem    Hex/Summ       0%         N/A       96%         3
 Swiftness                Air            0%         N/A       96%         3
 Teleport Other           Tloc           0%         N/A       96%         3
 Anguish                  Hex/Necr       0%         N/A       100%        4
 Cause Fear               Hex            0%         N/A       100%        4
 Fulminant Prism          Conj/Hex       0%         3d5       100%        4
 Iskenderun's Mystic Bla  Conj/Tloc      0%         2d3       100%        4
 Sticky Flame             Conj/Fire      0%         2d3       100%        4
 Summon Lightning Spire   Summ/Air       0%         N/A       100%        4
 Iskenderun's Battlesphe  Conj           0%         2d6       100%        5
 Lee's Rapid Deconstruct  Erth           0%         3d4*      100%        5
 Iron Shot                Conj/Erth      0%         9d1       100%        6
 Dragon Form              Tmut           0%         N/A       100%        7
 Spellforged Servitor     Conj/Summ      0%         N/A       100%        7
 Storm Form               Tmut/Air       0%         N/A       100%        7
 Ignition                 Fire           0%         3d3       100%        8
 Maxwell's Capacitive Co  Air            0%         ∞         100%        8
 Dragon's Call            Summ           0%         N/A       100%        9


Dungeon Overview and Level Annotations

Branches:
Dungeon (12/15)            Temple (1/1) D:7            Lair (1/5) D:11
    Orc (0/2) D:11        Gauntlet (visited)

Altars:
Ashenzari
Cheibriados
Dithmenos
Elyvilon
Fedhas
Gozag
Hepliaklqana
Kikubaaqudgha
Makhleb
Nemelex Xobeh
Okawaru
Qazlal
Ru
Sif Muna
Trog
Uskayaw
Vehumet
Wu Jian
Xom
Yredelemnul
Zin
The Shining One

Shops:
D:8 :   D:10 (   D:11 ?


Innate Abilities, Weirdness & Mutations

Your life essence is reduced to manifest your ancestor. (-10% HP)
You are completely covered in rugged brown scales. (AC +3, +7% HP)
Armour fits poorly on your strangely shaped body.
You have a long armoured tail.
You roll when moving toward enemies. (Rampage)
Your long tongue fully drains potion bottles. (2x potion effects)
Your tongue gives you trouble enunciating. (1.5x scroll delay)


Message History

The skeletal warrior hits you with a +3 battleaxe!
Your Evocations skill increases to level 2!
You impale the skeletal warrior!!
You destroy the skeletal warrior!
Bekki gestures at the skeletal warrior while chanting.
The stone arrow misses the skeletal warrior.
You block the skeletal warrior's attack.
Your Maces & Flails skill increases to level 13!
You hit the skeletal warrior but do no damage.
You tail-slap the skeletal warrior.
The skeletal warrior is lightly damaged.
You block the purple ugly thing's attack.
The skeletal warrior hits you with a +3 battleaxe!
* * * LOW HITPOINT WARNING * * *
The skeletal warrior hits Bekki with a +3 battleaxe!
Bekki is destroyed!
You hit the skeletal warrior. You tail-slap the skeletal warrior.
The skeletal warrior is lightly damaged.
The purple ugly thing tail-slaps you!
* * * LOW HITPOINT WARNING * * *
The skeletal warrior hits you but does no damage.
You completely miss the skeletal warrior.
The skeletal warrior is lightly damaged.
Okay, then.
As you slowly read the scroll of fear, it crumbles to dust.
You assume a fearsome visage.
The purple ugly thing looks frightened!
The skeletal warrior is unaffected.
The skeletal warrior closely misses you.
You block the skeletal warrior's attack.
The skeletal warrior attacks as you move away!
You block the skeletal warrior's attack.
The skeletal warrior attacks as you move away!
The skeletal warrior hits you with a +3 battleaxe!
* * * LOW HITPOINT WARNING * * *
You are too injured to fight recklessly!
You slurp down every last drop of the 3 potions of ambrosia!
You are confused.
You feel invigorated.
The skeletal warrior hits you with a +3 battleaxe!
You die...

### ..# ### #.#
#.. #.# #.#
#.#####<###.####
#..............#
#.#####.###@##.#
#....z.#
.#######.###).#
.........# #.)#
########.# #..#
#.# #... #.#
##.#. #.# .#...
..# # # ##


You could see a skeletal warrior.

Vanquished Creatures
  A minotaur (Gauntlet)
  Harold (D:9)
  A boulder beetle (D:11)
  2 two-headed ogres
  Nergalle (D:10)
  2 skeletal warriors (D:12)
  An ugly thing (D:6)
  4 centaur zombies (D:11)
  Maurice (D:11)
  A rime drake (Lair:1)
  3 komodo dragons
  4 trolls
  Prince Ribbit (D:6)
  A blink frog (Lair:1)
  A meliai zombie (D:11)
  A shadow (D:11)
  A centaur simulacrum (Gauntlet)
  2 wyverns
  4 yaks
  3 vampires (D:11)
  2 wraiths (D:11)
  A steam dragon (D:10)
  3 vampire mosquitoes (D:6)
  An acid dragon (D:10)
  3 swamp worms (Gauntlet)
  7 orc warriors
  2 sky beasts (D:7)
  A black bear (D:6)
  3 ice beasts
  7 wolves (Lair:1)
  3 centaurs
  A phantom (D:5)
  5 bullfrogs
  2 gnoll sergeants
  3 scorpions
  4 small abominations (Gauntlet)
  11 wights
  A killer bee (D:9)
  9 howler monkeys
  3 hounds
  Crazy Yiuf (D:6)
  2 orc priests
  5 iguanas
  Ijyb (D:3)
  10 orc wizards
  Robin (D:4)
  5 gnolls (D:10)
  9 adders
  4 shadow imps
  5 white imps
  A worm (D:2)
  A dart slug (D:1)
  42 orcs
  8 endoplasms
  4 giant cockroaches
  13 goblins
  3 hobgoblins (D:3)
  9 kobolds
  2 quokkas
  8 ball pythons
  4 bats
  A frilled lizard (D:3)
  7 rats
254 creatures vanquished.

Vanquished Creatures (collateral kills)
  A skeletal warrior (D:12)
  A black mamba (Lair:1)
  2 centaur zombies (D:11)
  A cane toad (Lair:1)
  A komodo dragon (D:11)
  A tyrant leech (Gauntlet)
  2 blink frogs (Lair:1)
  3 centaur simulacra (Gauntlet)
  A wraith (D:10)
  3 yaks (Lair:1)
  A centaur (D:11)
  2 wolves (Lair:1)
  A howler monkey (D:11)
  A wyvern simulacrum (Gauntlet)
  2 orc priests (D:11)
  An orc wizard (D:11)
24 creatures vanquished.

Vanquished Creatures (others)
  2 ancestors (D:9)
  4 battlemagi
  2 fungi
  A plant (Lair:1)
  2 withered plants (D:11)
11 creatures vanquished.

Grand Total: 289 creatures vanquished

Notes
Turn   | Place    | Note
-------+----------+-------------------------------------------
     0 | D:1      | porpoise the Armataur Fighter began the quest for the Orb.
     0 | D:1      | Reached XP level 1. HP: 19/19 MP: 1/1
    50 | D:1      | Reached skill level 2 in Maces & Flails
   225 | D:1      | Noticed a shining eye
   230 | D:1      | Reached XP level 2. HP: 26/26 MP: 2/2
   231 | D:1      | Found a faded altar of an unknown god.
   233 | D:1      | Noticed a shining eye
   233 | D:1      | Noticed a floating eye
   233 | D:1      | Noticed a floating eye
   908 | D:2      | Reached XP level 3. HP: 33/33 MP: 3/3
   923 | D:2      | Reached skill level 3 in Maces & Flails
  1092 | D:2      | Upgraded the game from 0.30-a0-389-g8d7d949f56 to
                  | 0.30-a0-390-g80c34de65d
  1343 | D:2      | Reached XP level 4. HP: 37/40 MP: 4/4
  2162 | D:3      | Noticed Ijyb
  2168 | D:3      | Killed Ijyb
  2390 | D:3      | Found a snail-covered altar of Cheibriados.
  2399 | D:3      | Found a glowing golden altar of the Shining One.
  2533 | D:3      | Noticed a bullfrog
  2580 | D:3      | Reached skill level 4 in Maces & Flails
  2625 | D:3      | Killed a bullfrog
  2626 | D:3      | Reached XP level 5. HP: 45/49 MP: 5/5
  3205 | D:4      | Noticed Robin
  3215 | D:4      | Killed Robin
  3279 | D:4      | Reached XP level 6. HP: 54/55 MP: 6/6
  3534 | D:4      | Reached skill level 5 in Maces & Flails
  3841 | D:5      | Entered Level 5 of the Dungeon
  4345 | D:5      | Reached XP level 7. HP: 64/64 MP: 7/7
  4614 | D:5      | Reached skill level 6 in Maces & Flails
  4791 | D:5      | Reached skill level 5 in Fighting
  5121 | D:6      | Noticed a vampire mosquito
  5121 | D:6      | Noticed a vampire mosquito
  5121 | D:6      | Noticed a vampire mosquito
  5129 | D:6      | Killed a vampire mosquito
  5137 | D:6      | Killed a vampire mosquito
  5138 | D:6      | Reached skill level 7 in Maces & Flails
  5138 | D:6      | Reached XP level 8. HP: 73/73 MP: 8/8
  5200 | D:6      | Noticed a cyan ugly thing
  5225 | D:6      | Killed a cyan ugly thing
  5226 | D:6      | Reached skill level 8 in Maces & Flails
  5318 | D:6      | Noticed Prince Ribbit
  5395 | D:6      | Noticed a komodo dragon
  5404 | D:6      | Killed a komodo dragon
  5405 | D:6      | Reached skill level 9 in Maces & Flails
  5530 | D:6      | Killed Prince Ribbit
  5531 | D:6      | Reached XP level 9. HP: 24/83 MP: 3/9
  6256 | D:6      | Identified a scroll of acquirement
  6257 | D:6      | Acquired a +5 eveningstar of draining
  6677 | D:6      | Identified the +7 falchion of the Spider Nest {vorpal,
                  | rPois Str+7 Stlth+}
  6723 | D:6      | Found a runed translucent door.
  6724 | D:6      | Noticed Crazy Yiuf
  6729 | D:6      | Killed Crazy Yiuf
  7105 | D:7      | Reached skill level 5 in Armour
  7154 | D:7      | Identified the +5 hand axe of Misery {vorpal, rElec Str+3}
  7200 | D:7      | Found a staircase to the Ecumenical Temple.
  7207 | Temple   | Entered the Ecumenical Temple
  7332 | Temple   | Became a worshipper of Hepliaklqana the Forgotten
  7385 | D:7      | Reached skill level 5 in Shields
  7535 | D:7      | Reached skill level 10 in Maces & Flails
  7535 | D:7      | Reached skill level 1 in Invocations
  7940 | D:8      | Reached XP level 10. HP: 67/92 MP: 11/11
  8033 | D:8      | Found Zovet's Book Boutique.
  8259 | D:8      | Noticed a two-headed ogre
  8264 | D:8      | Killed a two-headed ogre
  8455 | D:9      | Reached * piety under Hepliaklqana
  8518 | D:9      | Noticed a two-headed ogre
  8518 | D:9      | Noticed Harold
  8527 | D:9      | Killed Harold
  8549 | D:9      | Killed a two-headed ogre
  8847 | D:9      | Reached skill level 11 in Maces & Flails
  8855 | D:9      | Reached skill level 5 in Invocations
  9312 | D:10     | Entered Level 10 of the Dungeon
  9405 | D:10     | Found a burning altar of Makhleb.
  9407 | D:10     | Found a sacrificial altar of Ru.
  9781 | D:10     | Reached XP level 11. HP: 59/89 MP: 15/15
  9822 | D:10     | Reached ** piety under Hepliaklqana
  9823 | D:10     | Remembered your ancestor Bekki as a battlemage
  9831 | D:10     | Noticed Nergalle
  9842 | D:10     | Killed Nergalle
  9843 | D:10     | Reached skill level 1 in Dodging
  9916 | D:10     | Found Yre Wezy's Weapon Shop.
 10108 | D:11     | Noticed a boulder beetle
 10134 | D:11     | Killed a boulder beetle
 10218 | D:11     | Identified the +8 short sword of Lies {drain, rElec Str+3
                  | SInv}
 10274 | D:11     | Found a gate leading to a gauntlet.
 10295 | Gauntlet | Entered a Gauntlet
 10295 | Gauntlet | Found a transporter.
 10295 | Gauntlet | Found a runed translucent door.
 10296 | Gauntlet | Found a runed translucent door.
 10300 | Gauntlet | Found a transporter.
 10304 | Gauntlet | Found a transporter.
 10312 | Gauntlet | Found a transporter.
 10316 | Gauntlet | Found a transporter.
 10322 | Gauntlet | Found a runed translucent gate.
 10324 | Gauntlet | Found a transporter.
 10325 | Gauntlet | Found a runed translucent gate.
 10326 | Gauntlet | Found a runed translucent gate.
 10328 | Gauntlet | Found a transporter.
 10331 | Gauntlet | Noticed a sixfirhy
 10332 | Gauntlet | Noticed a sixfirhy
 10333 | Gauntlet | Noticed a sixfirhy
 10333 | Gauntlet | Noticed a sixfirhy
 10336 | Gauntlet | Found a transporter.
 10340 | Gauntlet | Found a transporter.
 10348 | Gauntlet | Found a transporter.
 10348 | Gauntlet | Noticed an orange crystal statue
 10369 | Gauntlet | Found a transporter.
 10381 | Gauntlet | Found a transporter.
 10394 | Gauntlet | Found a transporter.
 10407 | Gauntlet | Found a transporter.
 10573 | Gauntlet | HP: 4/89 [centaur warrior simulacrum (10)]
 10995 | Gauntlet | Noticed a minotaur
 11000 | Gauntlet | Identified the +1 spear of Smoking Anguish {vorpal, Str+4}
 11011 | Gauntlet | Killed a minotaur
 11216 | D:11     | Found a staircase to the Lair.
 11221 | D:11     | Noticed Maurice
 11248 | D:11     | Killed Maurice
 11249 | D:11     | Reached skill level 12 in Maces & Flails
 11495 | D:11     | Found a staircase to the Orcish Mines.
 11523 | D:11     | Found Pull's Magic Scroll Shop.
 11531 | D:11     | Bought a scroll of teleportation for 39 gold pieces
 11531 | D:11     | Bought a scroll of noise for 13 gold pieces
 11531 | D:11     | Bought a scroll of teleportation for 39 gold pieces
 11531 | D:11     | Bought a scroll of teleportation for 39 gold pieces
 11531 | D:11     | Bought a scroll of vulnerability for 52 gold pieces
 11738 | D:11     | Reached XP level 12. HP: 93/99 MP: 16/16
 11964 | Lair:1   | Entered Level 1 of the Lair of Beasts
 12038 | Lair:1   | Acquired the +1 barding of Past Mistakes {+Blink Fly rC+
                  | Dex+4}
 12239 | Lair:1   | Reached *** piety under Hepliaklqana
 12420 | Lair:1   | Reached skill level 5 in Dodging
 12500 | Lair:1   | Reached skill level 1 in Evocations
 13138 | D:12     | Reached skill level 13 in Maces & Flails
 13143 | D:12     | HP: 3/102 [skeletal warrior/+3 battleaxe (13)]
 13144 | D:12     | Slain by a skeletal warrior

Illustrated notes

Levels and vault maps discovered:
D:1:      dpeg_arrival_simpleton_a, layout_basic,
          hellmonk_ecumenical_altar_watching_god
D:2:      layout_loops_corners, st_stairs_14
D:3:      wander_river, layout_basic, mainiacjoe_overflow_swirl, minmay_puff,
          uniq_ijyb
D:4:      layout_loops_ring, dreamdust_princess_bridge, uniq_robin
D:5:      layout_loops_corners, minmay_splitting_lines,
          minmay_misc_feat_encased, kennysheep_another_room
D:6:      minmay_chambers_of_sixes, layout_basic, kennysheep_generic_room_16,
          uniq_crazy_yiuf_cottage, uniq_prince_ribbit1
D:7:      layout_cave_pools, minmay_temple_entry_junction
D:8:      layout_loops_ring, serial_shops, shop, chequers_serial_rivers_micro_b,
          glass_columns_b, corner_web_ring
D:9:      kennysheep_blocky_hall, layout_basic, grunt_ministairs_2, uniq_harold
D:10:     layout_stronghold, nicolae_overflow_hidden_temple, serial_shops,
          kennysheep_mini, uniq_nergalle
D:11:     layout_loops_ring, lair_entry_dummy, david_orc_3, serial_undead,
          serial_undead_f, serial_undead_b, serial_undead_b, serial_undead_a,
          gauntlet_entry_generic, serial_shops, shop, uniq_maurice
D:12:     minmay_blocking_statues, layout_loops_ring, ebering_ghost_rock_garden,
          enter_trove_1, fedhas_altar_4
Temple:   nicolae_temple_two_arcs
Lair:1:   layout_cave_pods

Skill      XL: |  1  2  3  4  5  6  7  8  9 10 11 12 |
---------------+-------------------------------------+-----
Maces & Flails | 2 3 4 5 7 9 10 11 12 13 | 13.0
Fighting       | 3 4 5 6 7 8 9 |  9.7
Armour         | 6 9 |  9.0
Shields        | 5 |  5.0
Invocations    | 2 5 |  5.7
Dodging        | 4 5 |  5.0
Evocations     | 2 |  2.6

Action                   |  1- 3 |  4- 6 |  7- 9 | 10-12 || total
-------------------------+-------+-------+-------+-------++-------
Melee: Flail             |    97 |   213 |   115 |       ||   425
       Tailslap          |     5 |    35 |    31 |    62 ||   133
       Mace              |       |    13 |     5 |       ||    18
       Unarmed           |       |       |    15 |       ||    15
       Eveningstar       |       |       |    80 |   321 ||   401
       Morningstar       |       |       |    23 |       ||    23
Invok: Ancestor Identity |       |       |       |     1 ||     1
       Ancestor Life: Ba |       |       |       |     1 ||     1
Evoke: Wand              |       |       |       |     7 ||     7
  Use: Scroll            |       |    11 |    10 |    10 ||    31
       Potion            |       |     1 |     5 |     5 ||    11
 Stab: Distracted        |       |       |       |     1 ||     1
Armor: Scale mail        |    33 |    71 |    86 |   137 ||   327
       Skin              |       |       |    17 |       ||    17
Dodge: Dodged            |    25 |    59 |    44 |    89 ||   217
Block: Buckler           |    23 |    29 |    43 |    66 ||   161

Table legend: (Time is in decaauts)
 A = Elapsed time spent in this place.
 B = Non-inter-level travel time spent in this place.
 C = Inter-level travel time spent in this place.
 D = Time resting spent in this place.
 E = Time spent auto-exploring this place.
 F = Levels seen in this place.
 G = Mean time per level.
                   A        B        C        D        E       F      G
               +--------+--------+--------+--------+--------+-----+--------+
         Total |  13269 |  12710 |    559 |   2486 |   7659 |  15 |  884.6 |
       Dungeon |  11227 |  10752 |    475 |   1952 |   6750 |  12 |  935.6 |
        Temple |    134 |    125 |      9 |      0 |    104 |   1 |  134.0 |
          Lair |   1001 |    926 |     75 |     48 |    688 |   1 | 1001.0 |
      Gauntlet |    906 |    906 |      0 |    486 |    117 |   1 |  906.0 |
               +--------+--------+--------+--------+--------+-----+--------+

Top non-repeatable levels by time:
     D:6: 1786 daAuts
     D:5: 1156 daAuts
     D:2: 1119 daAuts
     D:3: 1101 daAuts
  Lair:1: 1001 daAuts
    D:11: 996 daAuts
     D:4: 939 daAuts
Gauntlet: 906 daAuts
    D:10: 896 daAuts
     D:9: 851 daAuts
     D:7: 821 daAuts
     D:1: 799 daAuts
     D:8: 724 daAuts
  Temple: 134 daAuts
    D:12: 35 daAuts
